 Dungeon Crawl Stone Soup version 0.24.0-2-g5b39cebb1c (webtiles) character file.

Game seed: 14930689182066499990, levelgen mode: deterministic

9 Monsterracer the Skirmisher (level 2, 19/19 HPs)
             Began as a Gargoyle Abyssal Knight on Oct 31, 2019.
             Was a Follower of Lugonu.
             Quit the game on level 1 of the Dungeon.
             The game lasted 00:00:20 (324 turns).

Monsterracer the Skirmisher (GrAK)                   Turns: 324, Time: 00:00:21

Health: 19/19      AC:  8    Str: 15    XL:     2   Next: 16%
Magic:  3/3        EV: 10    Int: 12    God:    Lugonu [*.....]
Gold:   18         SH:  0    Dex:  9    Spells: 1/1 levels left

rFire    . . .     SeeInvis .   a - +1 mace
rCold    . . .     Gourm    .   (no shield)
rNeg     + . .     Faith    .   h - +0 ring mail (curse)
rPois    ∞         Spirit   .   (no helmet)
rElec    +         Reflect  .   (no cloak)
rCorr    .         Harm     .   (no gloves)
MR       .....                  (no boots)
Stlth    ..........             (no amulet)
HPRegen  0.06/turn              (no ring)
MPRegen  0.08/turn              (no ring)

@: no status effects
A: negative energy resistance 1, electricity resistance, unbreathing,
petrification resistance, rot immunity, AC +2
a: Depart the Abyss, Renounce Religion


You were on level 1 of the Dungeon.
You worshipped Lugonu.
Lugonu was aware of your devotion.
You were not hungry.

You visited 1 branch of the dungeon, and saw 1 of its levels.
You visited the Abyss 1 time.

You collected 18 gold pieces.

Inventory:

Hand Weapons
 a - a +1 mace (weapon)
Armour
 b - a +0 leather armour
 h - a cursed +0 ring mail (worn)
   (You found it on level 1 of the Dungeon)
Scrolls
 d - a scroll of noise {unknown}
 f - a scroll of identify {unknown}
Potions
 e - a potion of haste {unknown}
 g - a potion of degeneration {unknown}
Comestibles
 c - a ration


   Skills:
 - Level 3.2 Fighting
 + Level 2.8 Maces & Flails
 - Level 2.1 Armour
 - Level 0.7 Dodging
 - Level 2.0 Invocations


You had one spell level left.
You didn't know any spells.
Your spell library was empty.

Dungeon Overview and Level Annotations

Branches:
Dungeon (1/15)

Altars:


Innate Abilities, Weirdness & Mutations

You are resistant to torment.
Your stone body is resilient. (AC +2)
You are immune to poison.
You resist negative energy. (rN+)
You are resistant to electric shocks. (rElec)
You can survive without breathing.
You are immune to petrification.
You are immune to rotting.


Message History

No target in view!
You see here a giant cockroach corpse.
You now have 7 gold pieces.
You see here a giant cockroach corpse.
A hobgoblin comes into view.
A hobgoblin is nearby!
The hobgoblin closely misses you.
A hobgoblin is nearby!
A hobgoblin is nearby!
You closely miss the hobgoblin. The hobgoblin closely misses you.
A hobgoblin is nearby!
You hit the hobgoblin.
The hobgoblin is lightly wounded.
The hobgoblin barely misses you. The hobgoblin hits you.
A hobgoblin is nearby!
You hit the hobgoblin.
The hobgoblin is moderately wounded.
The hobgoblin barely misses you.
You thump the hobgoblin!
You kill the hobgoblin!
Lugonu accepts your kill.
HP restored.
You see here a hobgoblin corpse.
Found a stone staircase leading down.
No target in view!
Found a hand axe.
No target in view!
A hobgoblin comes into view.
The hobgoblin shouts!
A hobgoblin is nearby!
Found an inky potion.
The hobgoblin misses you.
A hobgoblin is nearby!
You hit the hobgoblin.
The hobgoblin is heavily wounded.
The hobgoblin barely misses you.
A hobgoblin is nearby!
You hit the hobgoblin but do no damage.
The hobgoblin is heavily wounded.
The hobgoblin hits you.
A hobgoblin is nearby!
You hit the hobgoblin but do no damage.
The hobgoblin is heavily wounded.
The hobgoblin misses you. The hobgoblin closely misses you.
You hit the hobgoblin but do no damage.
The hobgoblin is heavily wounded.
The hobgoblin barely misses you.
A hobgoblin is nearby!
You hit the hobgoblin.
You kill the hobgoblin!
Lugonu accepts your kill.
You have reached level 2!
e - an inky potion No target in view!
You open the door.
The rat is too close now for your liking.
There is an open door here.
A rat is nearby!
You closely miss the rat. The rat closely misses you.
A rat is nearby!
You sock the rat!
You kill the rat!
Lugonu accepts your kill.
f - a scroll labeled LIMESI EFFIPN No target in view!
g - a ruby potion No target in view!
Found a runed ring mail.
You now have 18 gold pieces (gained 11).
There is an open door here.
Key pressed, stopping explore.
No target in view!
No target in view!
You open the door.
There is an open door here.
A giant cockroach comes into view.
You hit the giant cockroach.
The giant cockroach is heavily wounded.
The giant cockroach closely misses you.
You hit the giant cockroach.
You kill the giant cockroach!
Lugonu accepts your kill.
No target in view!
No target in view!
Search for what [? for help]? rin
There is an open door here.
There is an open door here.
You see here a runed ring mail.
h - a runed ring mail You start removing your armour.
You continue taking off your +0 leather armour. x4
You finish taking off your +0 leather armour.
You start putting on your armour.
You continue putting on your runed ring mail. x5
You finish putting on your cursed +0 ring mail.
Oops, that feels deathly cold.
Are you sure you want to abandon this character and quit the game? (Confirm with "yes".)
Okay, then.
Unknown command.
Are you sure you want to abandon this character and quit the game? (Confirm with "yes".)

### ##########
###.##### #.........
#.......# ###..#######
##.....#.# ##.†...##
##........####.......#
#
#...................##
#
##........####.....##
# ##.....#.# ##....# #
#....##@# ####.# #
#.......# ##'## #
###.##### ##...## #
#.#### ##.....## #
#.##.## ##.......## #
#.....####.........###
##.......+.........'..
##...####.........###
##..#####.......##


There were no monsters in sight!

Vanquished Creatures
  A bat (D:1)
  2 giant cockroaches (D:1)
  2 hobgoblins (D:1)
  A kobold (D:1)
  2 rats (D:1)
8 creatures vanquished.

Notes
Turn   | Place    | Note
-------+----------+-------------------------------------------
     0 | Abyss:1  | Monsterracer the Gargoyle Abyssal Knight began the quest
                  | for the Orb.
     0 | Abyss:1  | Reached XP level 1. HP: 14/14 MP: 2/2
    14 | D:1      | Escaped the Abyss
   196 | D:1      | Reached XP level 2. HP: 19/19 MP: 3/3
   324 | D:1      | Quit the game

Levels and vault maps discovered:
D:1:      dpeg_arrival_pond, layout_loops_corners, serial_park_tiny_1

Action                   || total
-------------------------++-------
Melee: Mace              ||    17
Armor: Leather armour    ||     3
Dodge: Dodged            ||    13
